 Dungeon Crawl Stone Soup version 0.31-a0-940-gdaa99269f9 (webtiles) character file.

Game seed: 14504443749489525865

1684254 Sergey the Slayer (level 26, 207/207 HPs)
             Began as a Vampire Wanderer on Oct 20, 2023.
             Was a High Priest of Hepliaklqana.
             Escaped with the Orb
             ... and 3 runes!
             The game lasted 02:29:09 (69355 turns).

Sergey the Slayer (Vampire Wanderer)               Turns: 69355, Time: 02:29:09

Health: 207/207    AC: 29    Str: 12    XL:     26   Next: 82%
Magic:  14/14      EV: 36    Int: 26    God:    Hepliaklqana [*****.]
Gold:   493        SH:  0    Dex: 23    Spells: 24/37 levels left

rFire   + . .        w - +9 arbalest (antimagic)
rCold   + . .        (shield currently unavailable)
rNeg    + + .        z - +4 swamp dragon scales
rPois   +            S - +3 hat of Pondering {ponderous, Will+ MP+10 Int+5}
rElec   +            X - +2 cloak of Oreez {Regen+ Dex+2}
rCorr   +            J - +2 pair of gloves of the Sailor {rN+ Str+3 Slay+6}
SInv    +            y - +3 pair of mountain boots {steadfast, rC+}
Will    +++..        K - amulet "Baogyc" {Acrobat rElec SInv}
Stlth   +            I - +8 ring of evasion
HPRegen 1.54/turn    g - ring "Ucuqueph" {rF+ rN+ rCorr, =R}
MPRegen 0.14/turn

%: random rage (3%), acrobat
@: healing quickly, studying Maces & Flails, slow
A: reduced essence, alive, fangs 3, see invisible, vampiric 2, berserk 1,
mutation resistance 1, wild magic 1
0: Orb of Zot
}: 3/15 runes: decaying, serpentine, slimy
a: Exsanguinate, Renounce Religion, Recall Ancestor, Ancestor Identity,
Transference, Idealise


You escaped.
You worshipped Hepliaklqana.
Hepliaklqana was extremely pleased with you.
You visited 11 branches of the dungeon, and saw 54 of its levels.
You also visited: Gauntlet, Ice Cave and Wizlab.

You collected 6746 gold pieces.
You spent 6253 gold pieces at shops.

Inventory:

Hand Weapons
 s - the +7 arbalest "Orb Guardian's Curse" {freeze, rC+ Dex+3}
   (You found it on level 2 of the Lair of Beasts)

   Dex+3:     It affects your dexterity (+3).
   rC+:       It protects you from cold.
 w - a +9 antimagic arbalest (weapon)
Missiles
 W - a throwing net
Armour
 u - a +2 cloak of preservation
 y - the +3 pair of mountain boots (worn) {steadfast, rC+}
   (You found it on level 3 of the Realm of Zot)

   Steadfast: It prevents involuntary movement, except for blinking,
   teleportation, or banishment.
   rC+:       It protects you from cold.
 z - +4 swamp dragon scales (worn)
 F - the +2 pair of gloves of Lust {+Inv rC+}
   (You found it on level 5 of the Pits of Slime)

   rC+:       It protects you from cold.
   +Inv:      It lets you turn invisible.
 J - the +2 pair of gloves of the Sailor (worn) {rN+ Str+3 Slay+6}
   (You found it on level 4 of the Depths)

   Str+3:     It affects your strength (+3).
   Slay+6:    It affects your accuracy & damage with ranged weapons and melee
   (+6).
   rN+:       It protects you from negative energy.
 S - the +3 hat of Pondering (worn) {ponderous, Will+ MP+10 Int+5}
   (You took it off Gastronok on level 2 of the Lair of Beasts)

   Int+5:     It affects your intelligence (+5).
   Will+:     It increases your willpower.
   MP+10:     It affects your magic capacity (+10).
 X - the +2 cloak of Oreez (worn) {Regen+ Dex+2}
   (You bought it in a shop on level 3 of the Elven Halls)

   Dex+2:     It affects your dexterity (+2).
   Regen+:    It increases your rate of health regeneration.
Jewellery
 d - an amulet of regeneration
 g - the ring "Ucuqueph" (right hand) {rF+ rN+ rCorr, =R}
   (You bought it in a shop on level 1 of the Depths)

   [ring of positive energy]

   rF+:       It protects you from fire.
   rN+:       It protects you from negative energy.
   rCorr:     It protects you from acid and corrosion.
 k - a ring of protection from fire
 n - the ring of the Three Thickets {rElec rC- Will+ Str+6 Dex+5}
   (You found it on level 5 of the Pits of Slime)

   [ring of strength]

   Str+6:     It affects your strength (+6).
   Dex+5:     It affects your dexterity (+5).
   rC-:       It makes you vulnerable to cold.
   rElec:     It insulates you from electricity.
   Will+:     It increases your willpower.
 t - the ring "Gaman" {Wiz rElec}
   (You took it off a deep elf death mage on level 3 of the Elven Halls)

   [ring of wizardry]

   Wiz:       It improves your spell success rate.
   rElec:     It insulates you from electricity.
 E - a +6 ring of dexterity
 I - a +8 ring of evasion (left hand)
 K - the amulet "Baogyc" (around neck) {Acrobat rElec SInv}
   (You acquired it on level 3 of the Snake Pit)

   [amulet of the acrobat]

   Acrobat:   It increases your evasion while moving and waiting.
   rElec:     It insulates you from electricity.
   SInv:      It lets you see invisible.
 O - the ring "Tumo" {rPois rF+ Str+6 Dex+3}
   (You bought it in a shop on level 3 of the Elven Halls)

   [ring of strength]

   Str+6:     It affects your strength (+6).
   Dex+3:     It affects your dexterity (+3).
   rF+:       It protects you from fire.
   rPois:     It protects you from poison
 Q - the macabre finger necklace {Finger+ rN+}
   (You bought it in a shop on level 1 of the Orcish Mines)

   [amulet of nothing]

   Finger+:   It enables you to equip an extra ring.
   rN+:       It protects you from negative energy.
Wands
 b - a wand of paralysis (45)
 i - a wand of iceblast (11)
 j - a wand of mindburst (33)
 v - a wand of digging (18)
 T - a wand of polymorph (31)
 Y - a wand of flame (114)
Scrolls
 f - 14 scrolls of teleportation {@r3}
 l - 6 scrolls of vulnerability {!r}
 m - a scroll of brand weapon
 r - 5 scrolls of poison
 A - 3 scrolls of immolation
 L - a scroll of fog {@r2}
 M - 5 scrolls of enchant weapon
 U - 2 scrolls of blinking {@r4}
Potions
 h - 6 potions of cancellation
 o - 6 potions of might {@q3}
 p - 11 potions of heal wounds {@q1}
 q - 2 potions of magic
 x - 9 potions of enlightenment
 B - 4 potions of resistance
 C - a potion of ambrosia
 D - 13 potions of curing {@q2}
 N - 10 potions of attraction
 R - 10 potions of lignification
 V - 6 potions of brilliance
 Z - 8 potions of mutation
Miscellaneous
 a - a sack of spiders


   Skills:
 + Level 23.8 Fighting
 - Level 2.0 Short Blades
 - Level 22.0 Ranged Weapons
 - Level 1.5 Throwing
 - Level 13.1 Armour
 + Level 23.6 Dodging
 - Level 5.0 Stealth
 - Level 6.0 Spellcasting
 - Level 5.8 Hexes
 - Level 9.0 Translocations
 - Level 3.0 Fire Magic
 - Level 1.0 Ice Magic
 - Level 14.0 Invocations
 - Level 12.0 Evocations


You had 24 spell levels left.
You knew the following spells:

 Your Spells              Type           Power      Damage    Failure   Level
a - Slow                  Hex            100%       N/A       2%          1
b - Freeze                Ice            64%        1d7       13%         1
c - Dimensional Bullseye  Hex/Tloc       28%        N/A       10%         4
d - Inner Flame           Hex/Fire       40%        N/A       10%         3
e - Blink                 Tloc           100%       N/A       1%          2
f - Jinxbite              Hex            98%        N/A       3%          2

Your spell library contained the following spells:

 Spells                   Type           Power      Damage    Failure   Level
 Apportation              Tloc           100%       N/A       1%          1
 Lesser Beckoning         Tloc           100%       N/A       1%          2
 Momentum Strike          Conj/Tloc      80%        3d10      5%          2
 Confusing Touch          Hex            49%        N/A       5%          3
 Sigil of Binding         Hex            49%        N/A       5%          3
 Tukima's Dance           Hex            49%        N/A       5%          3
 Passage of Golubria      Tloc           63%        N/A       5%          4
 Ensorcelled Hibernation  Hex/Ice        66%        N/A       8%          2
 Foxfire                  Conj/Fire      80%        2x1d8     11%         1
 Dazzling Flash           Conj/Hex       58%        N/A       16%         3
 Summon Guardian Golem    Hex/Summ       29%        N/A       16%         3
 Cause Fear               Hex            24%        N/A       16%         4
 Kiss of Death            Conj/Necr      40%        2d8       17%         1
 Sting                    Tmut/Pois      40%        1d5       17%         1
 Summon Small Mammal      Summ           40%        N/A       17%         1
 Call Imp                 Summ           20%        N/A       26%         2
 Passwall                 Tmut/Erth      8%         N/A       26%         2
 Poisonous Vapours        Pois/Air       20%        N/A       26%         2
 Sublimation of Blood     Necr           10%        N/A       26%         2
 Vhi's Electric Charge    Tloc/Air       80%        N/A       26%         4
 Frozen Ramparts          Ice            32%        1d5       32%         3
 Ignite Poison            Fire/Tmut/Pois 16%        N/A       32%         3
 Ozocubu's Armour         Ice            16%        N/A       32%         3
 Hailstorm                Conj/Ice       13%        3d5       38%         3
 Call Canine Familiar     Summ           10%        N/A       45%         3
 Mephitic Cloud           Conj/Pois/Air  10%        N/A       45%         3
 Stone Arrow              Conj/Erth      20%        3d8       45%         3
 Swiftness                Air            10%        N/A       45%         3
 Vampiric Draining        Necr           10%        2d6       45%         3
 Anguish                  Hex/Necr       14%        N/A       45%         4
 Leda's Liquefaction      Hex/Erth       14%        N/A       45%         4
 Sticky Flame             Conj/Fire      20%        2d4       63%         4
 Metabolic Englaciation   Hex/Ice        16%        N/A       71%         5
 Summon Ice Beast         Ice/Summ       13%        N/A       77%         4
 Silence                  Hex/Air        14%        N/A       78%         5
 Summon Mana Viper        Hex/Summ       29%        N/A       78%         5
 Yara's Violent Unravell  Hex/Tmut       14%        3d7       78%         5
 Animate Armour           Summ/Erth      20%        N/A       83%         4
 Animate Dead             Necr           10%        N/A       83%         4
 Brom's Barrelling Bould  Conj/Erth      10%        2d3       83%         4
 Dispel Undead            Necr           10%        3d9       83%         4
 Olgreb's Toxic Radiance  Pois           10%        N/A       83%         4
 Petrify                  Tmut/Erth      10%        N/A       83%         4
 Summon Lightning Spire   Summ/Air       10%        N/A       83%         4
 Fireball                 Conj/Fire      10%        3d6       92%         5
 Freezing Cloud           Conj/Ice/Air   6%         6-21      98%         5
 Agony                    Necr           10%        N/A       99%         5
 Alistair's Intoxication  Tmut/Pois      6%         N/A       99%         5
 Arcjolt                  Conj/Air       5%         1d15      99%         5
 Borgnjor's Vile Clutch   Necr/Erth      5%         N/A       99%         5
 Irradiate                Conj/Tmut      5%         3d13      99%         5
 Iskenderun's Battlesphe  Conj           10%        2d6       99%         5
 Lee's Rapid Deconstruct  Erth           5%         3d6*      99%         5
 Bombard                  Conj/Erth      5%         9d2       100%        6
 Conjure Ball Lightning   Conj/Air       5%         3x3d6     100%        6
 Death Channel            Necr           5%         N/A       100%        6
 Plasma Beam              Fire/Air       10%        2x1d21    100%        6
 Starburst                Conj/Fire      10%        6d5       100%        6
 Summon Cactus Giant      Summ           5%         N/A       100%        6
 Enfeeble                 Hex            24%        N/A       100%        7
 Haunt                    Necr/Summ      5%         N/A       100%        7
 Monstrous Menagerie      Summ           5%         N/A       100%        7
 Orb of Destruction       Conj           5%         9d5       100%        7
 Ozocubu's Refrigeration  Ice            8%         4d9       100%        7
 Spellforged Servitor     Conj/Summ      5%         N/A       100%        7
 Discord                  Hex            24%        N/A       100%        8
 Ignition                 Fire           15%        3d6       100%        8
 Infestation              Necr           5%         N/A       100%        8
 Dragon's Call            Summ           5%         N/A       100%        9
 Polar Vortex             Ice            8%         12d1*     100%        9


Dungeon Overview and Level Annotations

Branches:
Dungeon (15/15)            Temple (0/1) D:7            Lair (5/5) D:9
  Swamp (4/4) Lair:2        Snake (4/4) Lair:2        Slime (5/5) Lair:4
    Orc (2/2) D:9             Elf (3/3) Orc:2        Vaults (4/5) D:14
  Crypt (3/3) Vaults:3       Tomb (0/3) Crypt:3      Depths (4/4) D:15
    Zot (5/5) Depths:4      IceCv (visited)          WizLab (visited)
Gauntlet (visited)

Altars:
Cheibriados
Fedhas
Hepliaklqana
Kikubaaqudgha
Makhleb
Qazlal
Ru
Sif Muna
Trog
Vehumet
Wu Jian
Yredelemnul
Jiyva

Shops:
D:9 *   D:13 ?=[?=*   D:14 (   Orc:1 =   Orc:2 :(**   Elf:3 =*   Snake:4 [
Vaults:2 (   Vaults:3 (   Depths:1 :=:

Portals:
Hell: Depths:1 Depths:2 Depths:3 Depths:4
Abyss: Depths:3 Depths:4
Pandemonium: Orc:2 Depths:2
Ziggurat: Depths:3
Trove: D:12 (give horn of Geryon)

Annotations:
D:4 exclusion: 2 downstairs
D:5 exclusion: downstairs
D:8 exclusion: 2 downstairs
D:9 exclusion: downstairs
D:11 1 runed translucent door
Lair:2 exclusion: knight
Lair:4 1 runed translucent door, Mappomat's ghost, journeyman FeSh
Lair:5 1 exclusion
Swamp:3 exclusion: 2 downstairs
Swamp:4 Roxanne
Snake:2 exclusion: oklob plant
Elf:1 exclusion: downstairs
Crypt:1 exclusion: downstairs
Depths:1 exclusions: downstairs and 1 more exclusion
Depths:4 Vv


Innate Abilities, Weirdness & Mutations

Your life essence is reduced to manifest your ancestor. (-10% HP)
Your natural rate of healing is accelerated.
You have razor-sharp teeth.
You have supernaturally acute eyesight. (SInv)
You are afflicted with vampirism and can become a bat while bloodless.
You sometimes lose your temper in combat.
You are somewhat resistant to further mutation.
Your spells are a little harder to cast, but a little more powerful.


Message History

No target in view!
An Orb Guardian comes into view.
There is an open door here.
You shoot a bolt. The bolt hits the Orb Guardian.
The Orb Guardian is lightly wounded.
You shoot a bolt. The bolt hits the Orb Guardian!!
The Orb Guardian is moderately wounded.
You shoot a bolt. The bolt hits the Orb Guardian!
The Orb Guardian is moderately wounded.
You shoot a bolt. The bolt hits the Orb Guardian!!
The Orb Guardian is heavily wounded.
You shoot a bolt. The bolt hits the Orb Guardian!!
The Orb Guardian is almost dead.
The Orb Guardian hits you but does no damage.
You shoot a bolt. The bolt hits the Orb Guardian!!
You kill the Orb Guardian!
No target in view!
There is a stone staircase leading up here.
You climb upwards.
There is a stone staircase leading down here.
You see here a +0 dagger.
You open the door.
There is an open door here.
A lorocyproca comes into view.
You shoot a bolt. The bolt hits the lorocyproca!!!
The lorocyproca is heavily wounded.
You shoot a bolt. The bolt hits the lorocyproca!!
The lorocyproca is severely wounded.
Hori hits the lorocyproca with a +0 broad axe of speed!
The lorocyproca completely misses you.
You shoot a bolt.
The bolt closely misses the lorocyproca.
Hori hits the lorocyproca with a +0 broad axe of speed!!
The lorocyproca dies!
No target in view!
There is a staircase leading out of the dungeon here.
Unknown command.
Unknown command.
Unknown command.
You have escaped!

...# #######.## #.# ...#
#####.##########.# ####
#.............##.# ..#
#........R....##.#
#.#########..#######'#..##.#
.........##..#.......#..##.#
.............#.......#..##.#
........###..#...R...#..##.#
.........##..#...@...'..##.#
.........##..'.......#..##.#
.###.....##..#.......#..##.#
)# #.#.#.##..#.......#.....#
.# #.#.#.##..#.......#..####
.# #.#.#.##..#'#######..#
.###.#.#.##.............#
.....#.#.##.............#
######.#.##########.#####


You could see the friendly Hori the knight (reflecting).

Vanquished Creatures
  the Royal Jelly (Slime:5)
  3 ancient liches (Zot:5)
  3 orbs of fire (Zot:5)
  2 royal mummies (Crypt:3)
  Margery (Vaults:4)
  Xtahua (Vaults:4)
  5 Killer Klowns (Zot:5)
  A curse toe (Crypt:3)
  4 caustic shrikes (Depths:4)
  7 golden dragons
  A Tzitzimitl (D:3)
  2 electric golems (Zot:1)
  Jorgrun (D:15)
  5 liches
  A deep elf blademaster (Elf:3)
  6 tentacled monstrosities
  23 Orb Guardians
  A walking crystal tome (Depths:4)
  A deep elf master archer (Elf:3)
  4 quicksilver dragons
  2 sphinxes (Depths:2)
  6 ancient champions
  A walking divine tome (Depths:4)
  A walking frostbound tome (Depths:3)
  4 death cobs
  12 acid blobs (Slime:5)
  Gastronok (Lair:2)
  2 thorn hunters
  6 azure jellies (Slime:5)
  9 storm dragons
  3 shadow dragons
  Agnes (D:14)
  A fenstrider witch (Swamp:4)
  3 revenants
  6 rockslimes
  A tengu reaver (Depths:2)
  4 nagarajas
  11 fire giants
  8 vault wardens
  A frost giant (Vaults:3)
  A curse skull (Crypt:2)
  3 deep elf sorcerers
  A draconian scorcher (Zot:5)
  A ghost moth (Zot:5)
  3 iron dragons
  Louise (Swamp:2)
  6 draconian stormcallers
  7 ghouls
  4 deep elf elementalists (Elf:3)
  5 reapers
  A draconian shifter (Depths:4)
  An orc warlord (Vaults:2)
  14 ironbound preservers
  6 quicksilver oozes (Slime:5)
  A spriggan defender (Depths:1)
  4 formless jellyfish
  A caustic shrike skeleton (Crypt:3)
  12 stone giants
  4 very ugly things
  7 vampire knights
  7 ironbound thunderhulks
  3 eleionomae
  A black draconian (Depths:4)
  5 green draconians
  6 yellow draconians
  4 deep elf demonologists (Elf:3)
  8 dire elephants
  2 lorocyprocas
  A red draconian (Zot:3)
  5 deep elf annihilators
  7 spark wasps
  4 white draconians
  9 deep elf death magi
  A bunyip (Swamp:2)
  2 purple draconians
  An orange crystal statue (WizLab)
  6 eidola
  Josephine (D:12)
  A crystal guardian (Vaults:2)
  2 mummy priests (Crypt:3)
  4 ettins
  2 deep elf high priests (Elf:3)
  A spriggan zombie (Crypt:1)
  9 jiangshi
  A merfolk impaler (Depths:2)
  11 fire dragons
  2 shambling mangroves (Swamp:4)
  5 yaktaur captains
  12 great orbs of eyes
  12 vault guards
  A peacekeeper (Vaults:2)
  A ghost crab (Swamp:2)
  An entropy weaver (Vaults:3)
  6 ice dragons
  A demonspawn (Orc:2)
  A fenstrider witch zombie (Crypt:1)
  22 hydras
  5 ironbound frosthearts
  3 spriggan air magi
  2 salamander tyrants (Snake:4)
  An ogre mage (Depths:3)
  A rakshasa (Depths:2)
  7 alligators
  5 centaur warriors
  6 anacondas
  2 boulder beetles
  A sphinx zombie (Crypt:1)
  12 two-headed ogres
  A catoblepas (Lair:5)
  5 deep troll earth magi
  6 deep troll shamans
  9 naga warriors
  2 spriggan berserkers
  8 vampire magi
  22 dancing weapons
  5 tengu warriors
  14 death yaks
  6 orc high priests
  2 hell hogs (Depths:4)
  8 naga sharpshooters
  A fire crab (shapeshifter) (D:11)
  5 soul eaters
  5 shock serpents
  2 titan skeletons
  10 deep elf knights
  11 hell knights
  4 sun demons
  2 salamander mystics
  A storm dragon skeleton (Crypt:3)
  17 skeletal warriors
  A quicksilver dragon simulacrum (Depths:4)
  46 deep trolls
  11 iron trolls
  3 skysharks
  4 goliath frogs
  4 bog bodies
  A flayed ghost (Crypt:2)
  2 shadow wraiths
  12 swamp dragons
  5 spriggan druids
  7 arcanists
  11 deep elf archers
  4 glowing orange brains
  An occultist (D:14)
  4 lindwurms (Vaults:3)
  A naga ritualist (Snake:1)
  6 phantasmal warriors
  2 bunyip skeletons
  A goliath frog zombie (Crypt:3)
  6 orc knights
  A swamp dragon (shapeshifter) (Elf:1)
  4 mana vipers
  25 deep elf zephyrmancers
  25 ugly things
  13 ironbound convokers
  23 deep elf pyromancers
  4 necromancers
  7 orc sorcerers
  An oklob plant (Lair:4)
  A stone giant zombie (Crypt:3)
  8 salamanders
  A will-o-the-wisp (Swamp:1)
  A tengu skeleton (Vaults:4)
  Maurice (D:8)
  11 moths of wrath
  8 cyclopes
  4 shining eyes
  A jorogumo skeleton (Crypt:1)
  6 manticores
  A salamander (shapeshifter) (D:14)
  An elephant (Lair:5)
  3 centaur zombies
  An eleionoma skeleton (Crypt:1)
  22 black mambas
  A dire elephant zombie (Crypt:1)
  5 guardian serpents
  An eye of devastation (Slime:5)
  A torpor snail (Lair:5)
  2 rust devils (Orc:2)
  2 smoke demons
  A shock serpent zombie (Crypt:2)
  16 vault sentinels
  A storm dragon simulacrum (IceCv)
  10 naga magi
  13 cane toads
  2 ice statues
  An orange demon (D:7)
  A rime drake (shapeshifter) (D:13)
  2 gargoyles
  A centaur skeleton (Crypt:3)
  6 yaktaurs
  2 kobold demonologists
  An unseen horror (D:10)
  3 freezing wraiths
  4 komodo dragons
  6 rime drakes
  An anaconda simulacrum (Crypt:1)
  An efreet (D:15)
  A green draconian skeleton (Crypt:1)
  A tormentor (D:15)
  6 guardian mummies
  A minotaur skeleton (Crypt:3)
  6 tengu conjurers
  3 polar bears
  5 trolls
  4 hellwings
  8 hornets
  2 bloated husks
  8 tyrant leeches
  An ettin zombie (Vaults:3)
  Prince Ribbit (D:5)
  13 blink frogs
  A culicivora zombie (Crypt:1)
  A human simulacrum (Vaults:4)
  8 dream sheep (Lair:5)
  An ice dragon zombie (Crypt:2)
  A small abomination (Crypt:3)
  A meliai zombie (Crypt:2)
  45 slime creatures
  6 air elementals
  A black mamba zombie (Crypt:1)
  An ice dragon skeleton (Crypt:2)
  8 wraiths
  A ynoxinul (Orc:2)
  A culicivora (Vaults:3)
  10 spriggans
  5 wyverns
  An ushabti (Crypt:3)
  2 vampires
  An ettin skeleton (Crypt:2)
  5 water elementals
  3 shadows
  4 humans (D:9)
  4 basilisks
  3 chaos spawn
  A fire elemental (Elf:2)
  A neqoxec (D:2)
  A redback (Vaults:3)
  26 yaks
  11 golden eyes
  Grum (Lair:1)
  16 vampire mosquitoes
  A steam dragon (D:8)
  A warg (shapeshifter) (Elf:2)
  30 nagas
  2 wargs (Orc:1)
  6 acid dragons
  19 swamp worms
  16 water moccasins
  2 floating eyes
  2 floating eyes (shapeshifter)
  An ice beast (D:6)
  30 orc warriors
  6 swamp drakes
  A naga skeleton (Crypt:2)
  A black bear (D:5)
  An ice dragon simulacrum (IceCv)
  8 ogres
  4 centaurs
  3 ettin simulacra (Depths:4)
  8 boggarts
  6 wolves
  A manticore zombie (Crypt:3)
  A blink frog skeleton (Crypt:3)
  4 kobold brigands
  6 bullfrogs
  A gnoll sergeant (D:7)
  2 scorpions (D:5)
  An earth elemental (Elf:1)
  5 necrophages
  A wyvern zombie (Crypt:2)
  6 wights
  6 killer bees (D:11)
  3 lindwurm simulacra (IceCv)
  4 howler monkeys
  2 yak skeletons (Crypt:3)
  4 electric eels
  2 human zombies (Crypt:1)
  17 orc priests
  16 jellies
  Jessica (D:2)
  2 iguanas
  A scorpion zombie (Crypt:2)
  A human skeleton (Crypt:1)
  16 orc wizards
  2 hell rats (D:9)
  An acid dragon zombie (Crypt:3)
  2 centaur simulacra
  An ogre skeleton (Crypt:1)
  7 mummies
  2 gnolls (D:7)
  A river rat (D:9)
  6 adders
  A shadow imp (D:7)
  An ufetubus (D:6)
  3 dart slugs
  60 orcs
  3 bats
  13 endoplasms
  5 giant cockroaches
  6 goblins
  8 hobgoblins
  3 jackals (D:4)
  2 quokkas (D:9)
  A ball python (D:2)
  A ball python zombie (Crypt:2)
  A frilled lizard (shapeshifter) (Depths:4)
  2 frilled lizards (D:1)
  8 kobolds
  An orc skeleton (Crypt:1)
  7 rats
1617 creatures vanquished.

Vanquished Creatures (collateral kills)
  A pandemonium lord (D:9)
  3 dread liches (Zot:5)
  An ancient lich (Zot:5)
  Khufu (Crypt:3)
  An orb of fire (Zot:5)
  A juggernaut (Depths:2)
  A royal mummy (Crypt:3)
  Bai Suzhen (Swamp:4)
  A curse toe (Zot:5)
  2 golden dragons
  Nikola (Vaults:1)
  A bone dragon (Crypt:3)
  2 electric golems (Zot:5)
  A Tzitzimitl (Depths:4)
  2 tentacled monstrosities
  Mlioglotl (Swamp:4)
  An Ice Fiend (Depths:1)
  5 Orb Guardians (Zot:5)
  2 liches
  A deep elf blademaster (Elf:3)
  4 quicksilver dragons
  3 acid blobs
  8 ancient champions
  2 storm dragons
  Donald (Vaults:3)
  A fenstrider witch (Swamp:3)
  2 nagarajas (Snake:4)
  2 revenants
  2 rockslimes (Slime:5)
  A draconian knight (Zot:3)
  2 azure jellies
  A balrug (Depths:4)
  3 frost giants
  A draconian scorcher (Zot:3)
  2 deep elf sorcerers
  4 vault wardens
  An iron dragon (Depths:3)
  A deep elf elementalist (Elf:3)
  2 orc warlords
  3 ghouls
  A cacodemon (D:7)
  2 formless jellyfish
  A draconian stormcaller (Depths:4)
  3 ironbound preservers
  A war gargoyle (Depths:4)
  3 ironbound thunderhulks
  2 reapers
  3 very ugly things
  3 stone giants
  3 quicksilver oozes
  2 deep elf demonologists (Elf:3)
  2 green draconians (Depths:4)
  A white draconian (Depths:4)
  A black draconian (Zot:1)
  2 vampire knights
  A lorocyproca (D:1)
  2 dire elephants
  2 yellow draconians (Depths:4)
  4 deep elf annihilators
  4 deep elf death magi
  2 bunyips
  3 purple draconians
  3 spark wasps (Depths:4)
  A blizzard demon (Depths:4)
  2 ettins
  2 crystal guardians (Vaults:2)
  2 eidola (Crypt:2)
  2 great orbs of eyes
  3 yaktaur captains
  5 jiangshi
  A rakshasa (Depths:2)
  5 hydras
  5 vault guards
  4 ice dragons
  A peacekeeper (Vaults:2)
  A ghost crab (Swamp:4)
  A fenstrider witch skeleton (Crypt:1)
  A spriggan air mage (Depths:2)
  A centaur warrior (Vaults:1)
  3 alligators
  A death yak (Lair:5)
  2 deep troll shamans
  2 two-headed ogres
  5 dancing weapons (Elf:2)
  3 anacondas
  An ironbound frostheart (Vaults:1)
  3 vampire magi (Crypt:2)
  3 naga sharpshooters
  5 naga warriors (Snake:4)
  2 tengu warriors
  4 orc high priests (Orc:2)
  A sun demon (D:9)
  4 hell knights
  2 deep elf knights (Elf:2)
  3 spriggan berserkers
  A titan zombie (Crypt:1)
  A skyshark (Lair:1)
  3 iron trolls
  12 skeletal warriors
  3 arcanists
  A quicksilver dragon simulacrum (Depths:4)
  A goliath frog (Swamp:3)
  A swamp dragon (Swamp:4)
  11 deep trolls
  2 deep elf archers
  A bog body (Crypt:1)
  A flayed ghost (Crypt:3)
  3 necromancers
  2 naga ritualists (Snake:4)
  4 lindwurms (Vaults:3)
  3 ironbound convokers
  3 phantasmal warriors
  5 deep elf pyromancers
  6 deep elf zephyrmancers
  2 mana vipers (Snake:4)
  4 ugly things
  A frost giant zombie (Vaults:4)
  An elephant (Lair:5)
  3 salamanders
  6 black mambas
  3 moths of wrath
  2 guardian serpents
  4 naga magi
  A smoke demon (Depths:1)
  4 vault sentinels
  An ice statue (D:14)
  2 dire elephant zombies (Crypt:3)
  8 cane toads
  An eye of devastation (Slime:1)
  A naga skeleton (Crypt:1)
  2 yaktaurs
  A rime drake (Lair:4)
  2 ice devils
  4 freezing wraiths
  A komodo dragon (Lair:1)
  3 tengu conjurers
  2 guardian mummies
  4 tyrant leeches
  6 blink frogs
  2 hornets
  A dream sheep (Lair:5)
  20 slime creatures
  An ettin skeleton (Crypt:3)
  2 flying skulls (Crypt:2)
  A spriggan (Swamp:2)
  2 wyverns (Lair:1)
  2 yaks (D:8)
  2 wraiths
  A human (D:9)
  4 golden eyes
  6 basilisks
  A steam dragon (D:7)
  2 vampire mosquitoes
  2 wargs
  Edmund (D:5)
  7 nagas
  A harpy simulacrum (Crypt:3)
  A faun zombie (Crypt:2)
  A hell hound (Lair:5)
  3 swamp worms
  A human simulacrum (Vaults:3)
  A glowing shapeshifter skeleton (Vaults:4)
  2 small abominations (D:9)
  5 water moccasins
  An ettin simulacrum (Depths:4)
  A swamp drake (Swamp:4)
  6 orc warriors
  2 boggarts (D:15)
  3 wolves
  2 human skeletons
  A glowing shapeshifter simulacrum (Vaults:3)
  3 bullfrogs
  3 necrophages
  A gnoll sergeant (D:10)
  2 wights
  A queen bee zombie (Crypt:3)
  A wolf zombie (Crypt:2)
  A human zombie (Crypt:1)
  3 hounds
  2 jellies (Lair:4)
  6 orc priests
  A boggart zombie (Crypt:1)
  2 iguanas (D:6)
  A sleepcap (D:5)
  A knight (D:10)
  4 orc wizards
  A hell rat (D:9)
  3 mummies
  A gnoll (D:7)
  An ufetubus (D:6)
  25 orcs
  7 endoplasms (Lair:4)
  A quokka (D:9)
  3 kobolds (D:9)
  2 butterflies
505 creatures vanquished.

Vanquished Creatures (others)
  A caustic shrike (Depths:4)
  A deep elf master archer (Elf:3)
  A draconian monk (Depths:4)
  2 draconian scorchers (Depths:4)
  A black draconian (Depths:4)
  A yaktaur captain (Vaults:4)
  A deep troll earth mage (Depths:4)
  A soul eater (Depths:4)
  2 shadow wraiths
  A deep troll (Depths:4)
  2 manticores
  2 tengu conjurers (Depths:4)
  2 vampire mosquitoes
  An ettin simulacrum (Depths:4)
  An orc priest (Orc:2)
  72 knights
  5 ancestors
  An orc (D:7)
98 creatures vanquished.

Grand Total: 2220 creatures vanquished

Notes
Turn   | Place    | Note
-------+----------+-------------------------------------------
     0 | D:1      | Sergey the Vampire Wanderer began the quest for the Orb.
     0 | D:1      | Sergey set off with the following items: a +0 dagger, 10
                  | poisoned darts, a potion of heal wounds {@q1}, a +0 robe;
                  | and the following spells available to memorise: Slow,
                  | Jinxbite, Freeze, Inner Flame, Frozen Ramparts.
     0 | D:1      | Reached XP level 1. HP: 13/13 MP: 2/2
     2 | D:1      | Learned a level 1 spell: Slow
     4 | D:1      | Learned a level 1 spell: Freeze
   153 | D:1      | Reached skill level 1 in Stealth
   590 | D:1      | Reached XP level 2. HP: 19/19 MP: 3/3
  1785 | D:1      | Got the Atlas of Heated Mustering
  3376 | D:2      | Noticed Jessica
  3459 | D:2      | Gained mutation: You are afflicted with vampirism and can
                  | become a bat while bloodless. [Vampire growth]
  3459 | D:2      | Reached XP level 3. HP: 20/25 MP: 2/4
  3651 | D:2      | Learned a level 2 spell: Jinxbite
  4028 | D:2      | Reached skill level 1 in Fighting
  4202 | D:2      | Found a hazy altar of Hepliaklqana.
  4211 | D:2      | Became a worshipper of Hepliaklqana the Forgotten
  5367 | D:3      | Reached skill level 5 in Stealth
  6355 | D:3      | Reached XP level 4. HP: 32/32 MP: 5/5
  7205 | D:2      | Killed Jessica
  7370 | D:4      | Reached skill level 1 in Ranged Weapons
  7403 | D:4      | Found a burning altar of Makhleb.
  7741 | D:4      | Found an ornate altar of the Wu Jian Council.
  7758 | D:4      | Reached * piety under Hepliaklqana
  8161 | D:4      | Found a sacrificial altar of Ru.
  8230 | D:4      | Found a burning altar of Makhleb.
  8557 | D:4      | Found an ornate altar of the Wu Jian Council.
  8700 | D:4      | Found a sacrificial altar of Ru.
  8732 | D:5      | Entered Level 5 of the Dungeon
  8737 | D:5      | Found a snail-covered altar of Cheibriados.
  8750 | D:5      | Noticed a scorpion
  8760 | D:5      | Killed a scorpion
  8761 | D:5      | Reached skill level 1 in Short Blades
  8761 | D:5      | Reached XP level 5. HP: 34/34 MP: 4/6
  8882 | D:5      | Reached XP level 6. HP: 39/39 MP: 5/7
  8915 | D:5      | Found a hazy altar of Hepliaklqana.
  9203 | D:5      | Reached XP level 7. HP: 46/46 MP: 5/8
  9282 | D:5      | Noticed Edmund
  9293 | D:5      | Killed Edmund
 10189 | D:6      | Noticed Prince Ribbit
 10308 | D:5      | Killed Prince Ribbit
 10309 | D:5      | Reached skill level 5 in Ranged Weapons
 10309 | D:5      | Reached XP level 8. HP: 49/54 MP: 9/9
 10453 | D:6      | Reached ** piety under Hepliaklqana
 10454 | D:6      | Remembered your ancestor Hori as a knight
 10658 | D:6      | Reached skill level 5 in Fighting
 11408 | D:7      | Found a staircase to the Ecumenical Temple.
 11432 | D:7      | Reached XP level 9. HP: 63/63 MP: 10/10
 11703 | D:7      | Found a radiant altar of Vehumet.
 11910 | D:7      | Found a staircase to the Ecumenical Temple.
 12729 | D:8      | Reached *** piety under Hepliaklqana
 12890 | D:8      | Noticed Maurice
 12919 | D:8      | Killed Maurice
 13019 | D:8      | Reached skill level 5 in Dodging
 13533 | D:9      | Found Agrijaic's Mayhem Merchandise.
 13613 | D:9      | Noticed a death yak
 13622 | D:9      | Reached XP level 10. HP: 72/72 MP: 11/11
 13820 | D:9      | Learned a level 3 spell: Inner Flame
 13916 | D:9      | Found a staircase to the Orcish Mines.
 14074 | D:9      | Noticed a death yak
 14088 | D:9      | Noticed a death yak
 14507 | D:9      | Found a staircase to the Lair.
 14599 | D:9      | Found Agrijaic's Mayhem Merchandise.
 14627 | D:9      | Found a staircase to the Orcish Mines.
 14742 | D:9      | Killed a death yak
 15076 | D:10     | Entered Level 10 of the Dungeon
 15077 | D:10     | Noticed a manticore
 15096 | D:10     | Killed a manticore
 15129 | D:10     | Reached skill level 10 in Fighting
 15228 | D:10     | Noticed a two-headed ogre
 15232 | D:10     | Reached skill level 1 in Fire Magic
 15232 | D:10     | Killed a two-headed ogre
 15241 | D:10     | Reached XP level 11. HP: 81/81 MP: 6/12
 15404 | D:10     | Noticed a two-headed ogre
 15432 | D:10     | Killed a two-headed ogre
 15448 | D:10     | Noticed a six-headed hydra
 15604 | D:10     | Noticed a two-headed ogre
 16286 | D:10     | Killed a two-headed ogre
 16955 | D:10     | Killed a six-headed hydra
 17352 | D:11     | Identified the "Heink"
 17352 | Gauntlet | Identified the of Soinis
 17376 | D:11     | Noticed a two-headed ogre
 17384 | D:11     | Killed a two-headed ogre
 17385 | D:11     | Reached skill level 10 in Ranged Weapons
 17418 | D:11     | Found a gate leading to a gauntlet.
 17427 | Gauntlet | Entered a Gauntlet
 17427 | Gauntlet | Noticed a tengu warrior
 17427 | Gauntlet | Found a transporter.
 17427 | Gauntlet | Found a transporter.
 17427 | Gauntlet | Found a transporter.
 17427 | Gauntlet | Found a transporter.
 17431 | Gauntlet | Found a transporter.
 17431 | Gauntlet | Found a transporter.
 17441 | Gauntlet | Found a transporter.
 17445 | Gauntlet | Found a transporter.
 17450 | Gauntlet | Noticed a death yak
 17451 | Gauntlet | Noticed a death yak
 17451 | Gauntlet | Noticed a death yak
 17452 | Gauntlet | Noticed a necromancer
 17452 | Gauntlet | Noticed a death yak
 17452 | Gauntlet | Noticed a death yak
 17459 | Gauntlet | Found a transporter.
 17507 | Gauntlet | Reached **** piety under Hepliaklqana
 17558 | Gauntlet | Found a transporter.
 17560 | Gauntlet | Found a transporter.
 17570 | Gauntlet | Found a transporter.
 17570 | Gauntlet | Noticed a green death
 18146 | D:11     | Noticed a white ugly thing
 18166 | D:11     | Killed a white ugly thing
 18376 | Lair:1   | Entered Level 1 of the Lair of Beasts
 18486 | Lair:1   | Noticed a skyshark
 18496 | Lair:1   | Killed a skyshark
 18497 | Lair:1   | Reached skill level 10 in Dodging
 18498 | Lair:1   | Reached skill level 1 in Invocations
 18666 | Lair:1   | Reached XP level 12. HP: 87/87 MP: 13/13
 19113 | Lair:1   | Noticed Grum
 19124 | Lair:1   | Killed Grum
 19555 | Lair:2   | Reached skill level 1 in Armour
 19690 | Lair:2   | Reached ***** piety under Hepliaklqana
 19768 | Lair:2   | Noticed Gastronok
 19804 | Lair:2   | Killed Gastronok
 20031 | Lair:2   | Found a staircase to the Snake Pit.
 20196 | Lair:2   | Identified the +7 arbalest "Orb Guardian's Curse" {freeze,
                  | rC+ Dex+3}
 20217 | Lair:2   | Found a staircase to the Swamp.
 20619 | Lair:3   | Learned a level 2 spell: Blink
 20736 | Lair:3   | Reached skill level 1 in Translocations
 20763 | Lair:3   | Noticed a death yak
 20763 | Lair:3   | Noticed a death yak
 20764 | Lair:3   | Noticed a death yak
 20770 | Lair:3   | Noticed a death yak
 20808 | Lair:2   | Killed a death yak
 20809 | Lair:2   | Reached XP level 13. HP: 88/95 MP: 16/16
 20854 | Lair:3   | You fall into a shaft and drop 2 floors!
 20854 | Lair:5   | Entered Level 5 of the Lair of Beasts
 21523 | Lair:4   | Found a runed translucent door.
 22693 | Lair:4   | Reached skill level 5 in Translocations
 22999 | Lair:4   | Found a staircase to the Slime Pits.
 23138 | Lair:4   | Noticed Mappomat's ghost (journeyman FeSh)
 23646 | Lair:5   | Reached XP level 14. HP: 87/103 MP: 17/17
 24576 | D:11     | Found a runed translucent door.
 24929 | D:11     | Identified the +2 short sword of Pesmafoe {flame, Will+
                  | rCorr}
 25720 | D:12     | Found a portal to a secret trove of treasure.
 25751 | D:12     | Noticed Josephine
 25757 | D:12     | Killed Josephine
 26142 | D:12     | Reached ****** piety under Hepliaklqana
 26463 | Orc:1    | Entered Level 1 of the Orcish Mines
 26708 | Orc:2    | Entered Level 2 of the Orcish Mines
 26708 | Orc:2    | Noticed an orc warlord
 26715 | Orc:2    | Killed an orc warlord
 26781 | Orc:2    | Found a staircase to the Elven Halls.
 27227 | Orc:2    | Reached XP level 15. HP: 99/109 MP: 18/18
 27295 | Orc:2    | Found Ynua's General Store.
 27298 | Orc:2    | Found Zup Xedu's General Store.
 27320 | Orc:2    | Bought a potion of ambrosia for 136 gold pieces
 27332 | Orc:2    | Bought a scroll of enchant weapon for 97 gold pieces
 27737 | Orc:2    | Found Zulymmit's Book Shop.
 27737 | Orc:2    | Found Odatuite's Antique Weapon Boutique.
 27742 | Orc:2    | Reached skill level 5 in Evocations
 27742 | Orc:2    | Found a one-way gate leading to the halls of Pandemonium.
 27896 | Orc:1    | Found Ropes's Jewellery Boutique.
 28120 | Orc:2    | Bought a translucent longbow for 356 gold pieces
 28120 | Orc:2    | Identified the +3 longbow of Intuition {elec, Int+5} (You
                  | bought it in a shop on level 2 of the Orcish Mines)
 28192 | Orc:1    | Bought an amulet of regeneration for 540 gold pieces
 28549 | D:13     | Found Leanto's Magic Scroll Shop.
 28552 | D:13     | Bought a scroll of teleportation for 39 gold pieces
 28552 | D:13     | Bought a scroll of identify for 26 gold pieces
 28552 | D:13     | Bought a scroll of identify for 26 gold pieces
 28611 | D:13     | Found Ikaf's One-of-a-Kind Rings.
 28813 | D:13     | Found Maseess's Magic Scroll Shop.
 28816 | D:13     | Bought a scroll of teleportation for 36 gold pieces
 28816 | D:13     | Bought a scroll of teleportation for 36 gold pieces
 28816 | D:13     | Bought a scroll of identify for 24 gold pieces
 28835 | D:13     | Found Wovy's Assorted Antiques.
 28844 | D:13     | Bought 2 potions of curing for 120 gold pieces
 28844 | D:13     | Bought a scroll of butterflies for 80 gold pieces
 28844 | D:13     | Bought a scroll of teleportation for 60 gold pieces
 29025 | D:13     | Found Vurhohoq's Jewellery Shoppe.
 29205 | D:13     | Found Reuryph's Armour Boutique.
 29534 | D:14     | Found Teesovao's Antique Weapon Emporium.
 29569 | D:14     | Found a frozen archway.
 29651 | IceCv    | Entered an ice cave
 29925 | D:14     | Found a gate to the Vaults.
 30071 | D:14     | Noticed Agnes
 30359 | D:14     | Reached skill level 15 in Ranged Weapons
 30408 | D:13     | Bought a scroll of enchant armour for 97 gold pieces
 30408 | D:13     | Bought a scroll of butterflies for 52 gold pieces
 30609 | Orc:2    | Bought a scroll of enchant armour for 127 gold pieces
 31838 | D:14     | Killed Agnes
 32090 | D:15     | Entered Level 15 of the Dungeon
 32583 | D:15     | Found a staircase to the Depths.
 32816 | D:15     | Noticed Jorgrun
 32828 | D:15     | Killed Jorgrun
 32838 | D:15     | Reached XP level 16. HP: 104/118 MP: 19/19
 33355 | Snake:1  | Entered Level 1 of the Snake Pit
 34071 | Snake:2  | Found a blossoming altar of Fedhas.
 34273 | Snake:2  | Reached skill level 15 in Dodging
 34975 | Snake:3  | Identified the +0 quarterstaff of the Fox {holy, *Rage
                  | rPois rC- rCorr}
 35063 | Snake:3  | Reached skill level 5 in Invocations
 35078 | Snake:3  | Identified a scroll of acquirement
 35079 | Snake:3  | Acquired the amulet "Baogyc" {Acrobat rElec SInv}
 35355 | Snake:4  | Entered Level 4 of the Snake Pit
 35701 | Snake:4  | Found Win De Zun's Armour Shoppe.
 36353 | Snake:4  | Reached XP level 17. HP: 125/126 MP: 21/21
 36776 | Snake:4  | Reached skill level 5 in Armour
 36993 | Snake:4  | Got a serpentine rune of Zot
 37240 | Swamp:1  | Entered Level 1 of the Swamp
 37258 | Swamp:1  | Reached skill level 15 in Fighting
 38341 | Swamp:2  | Noticed Louise
 38358 | Swamp:2  | Killed Louise
 39109 | Swamp:4  | Entered Level 4 of the Swamp
 39109 | Swamp:4  | Noticed Bai Suzhen
 39613 | Swamp:4  | Reached XP level 18. HP: 132/134 MP: 24/24
 39722 | Swamp:4  | Noticed Mlioglotl
 39731 | Swamp:4  | Killed Mlioglotl
 39812 | Swamp:4  | Noticed Roxanne
 39879 | Swamp:4  | Killed Bai Suzhen
 40222 | Swamp:4  | Got a decaying rune of Zot
 40485 | Elf:1    | Identified the of Edyenl Asewn
 40485 | Elf:1    | Entered Level 1 of the Elven Halls
 40491 | Elf:1    | Paralysed by an air elemental for 1 turns
 41635 | Elf:1    | Paralysed by an air elemental for 1 turns
 42027 | Elf:2    | Identified the "Baadaf"
 42047 | Elf:2    | Paralysed by an air elemental for 1 turns
 42632 | Elf:2    | Paralysed by an air elemental for 1 turns
 42727 | Elf:2    | Found a runed translucent gate.
 42727 | Elf:2    | Found a runed translucent gate.
 42728 | Elf:2    | Found a runed translucent gate.
 42918 | Elf:3    | Identified the "Firch"
 42918 | Elf:3    | Identified the "Cew Omin"
 42918 | Elf:3    | Entered Level 3 of the Elven Halls
 42918 | Elf:3    | Found Xafed's Jewellery Boutique.
 42928 | Elf:3    | Found Itafaveh's Neck Hole.
 43275 | Elf:3    | Reached XP level 19. HP: 139/139 MP: 26/26
 43305 | Elf:3    | Identified the +3 scale mail of the Orange Skies {Str+2
                  | Dex+4}
 43662 | Elf:3    | Identified the ring of Zaitoamm {Str+6 SInv}
 43720 | Elf:3    | Identified the staff "Q" {rF++ rC+ Stlth- Ice}
 43737 | Elf:3    | Reached skill level 10 in Invocations
 43737 | Elf:3    | Reached skill level 10 in Evocations
 43828 | Elf:3    | Identified the ring "Gaman" {Wiz rElec}
 44490 | Elf:3    | Identified the staff of the Philosopher {rC+ Int+6 Conj}
 44561 | Elf:3    | Identified the +6 scale mail of Conscience {rPois Dex+3
                  | Slay+2}
 45170 | Elf:3    | Bought the ring "Tumo" {rPois rF+ Str+6 Dex+3} for 726 gold
                  | pieces
 45247 | Orc:1    | Bought the macabre finger necklace {Finger+ rN+} for 720
                  | gold pieces
 45247 | Orc:1    | Found the macabre finger necklace {Finger+ rN+}
 45324 | Elf:3    | Bought the +2 cloak of Oreez {Regen+ Dex+2} for 514 gold
                  | pieces
 45571 | Vaults:1 | Entered Level 1 of the Vaults
 45891 | Vaults:1 | Identified the +11 halberd of Eternal Night {spect, rF+}
 46224 | Vaults:1 | Noticed Nikola
 46234 | Vaults:1 | Killed Nikola
 46937 | Vaults:2 | Reached XP level 20. HP: 145/145 MP: 29/29
 47355 | Vaults:2 | Found Fueb's Weapon Shoppe.
 47770 | Vaults:3 | Found a staircase to the Crypt.
 48320 | Vaults:3 | Identified the +11 rapier "Gaitao" {freeze, rN+ Str-5
                  | Int+2}
 48345 | Vaults:3 | Noticed Donald
 48355 | Vaults:3 | Killed Donald
 48375 | Vaults:3 | Found Komuopun's Antique Weapon Shop.
 48411 | Vaults:3 | Bought an iridescent orcbow for 238 gold pieces
 48411 | Vaults:3 | Identified the +1 orcbow of Symmetry {speed, SInv} (You
                  | bought it in a shop on level 3 of the Vaults)
 49327 | Vaults:4 | Noticed Margery
 49338 | Vaults:4 | Killed Margery
 49465 | Vaults:4 | Reached XP level 21. HP: 153/153 MP: 30/30
 49880 | Vaults:4 | Noticed Xtahua
 49888 | Vaults:4 | Killed Xtahua
 50523 | Depths:1 | Entered Level 1 of the Depths
 50533 | Depths:1 | Found Kyrar's Book Emporium.
 50534 | Depths:1 | Found Nireuru's Jewellery Boutique.
 50535 | Depths:1 | Found Porikiud's Book Emporium.
 50565 | Depths:1 | Found a magical portal.
 50580 | WizLab   | Entered Wucad Mu's Monastery
 50820 | WizLab   | Found the crystal ball of Wucad Mu {*channel}
 50885 | WizLab   | Reached XP level 22. HP: 161/161 MP: 31/31
 51058 | Depths:1 | Found a gateway to Hell.
 51496 | Depths:1 | Found a bloodstained altar of Trog.
 51950 | Depths:2 | Noticed a juggernaut
 52194 | Depths:2 | Reached skill level 10 in Armour
 52476 | Depths:2 | Noticed a golden dragon
 52482 | Depths:2 | Killed a golden dragon
 52492 | Depths:2 | Killed a juggernaut
 52519 | Depths:2 | Found a shimmering blue altar of Sif Muna.
 52750 | Depths:2 | Noticed a golden dragon
 52756 | Depths:2 | Killed a golden dragon
 52871 | Depths:2 | Reached XP level 23. HP: 171/171 MP: 32/32
 53526 | Depths:3 | You fall into a shaft and drop 1 floor!
 53526 | Depths:4 | Entered Level 4 of the Depths
 54144 | Depths:3 | Found a one-way gate to the infinite horrors of the Abyss.
 54176 | Depths:3 | Found a one-way gateway to a ziggurat.
 55076 | D:13     | Bought a +8 ring of evasion for 858 gold pieces
 55289 | Depths:4 | Identified the +2 pair of gloves of the Sailor {rN+ Str+3
                  | Slay+6}
 55400 | Depths:4 | Noticed a caustic shrike
 55401 | Depths:4 | Noticed a caustic shrike
 55401 | Depths:4 | Noticed a caustic shrike
 55404 | Depths:4 | Killed a caustic shrike
 55408 | Depths:4 | Killed a caustic shrike
 55414 | Depths:4 | Killed a caustic shrike
 55422 | Depths:4 | Noticed a caustic shrike
 55431 | Depths:4 | Killed a caustic shrike
 55438 | Depths:4 | Killed a caustic shrike
 55509 | Depths:4 | Found a burning altar of Makhleb.
 55774 | Depths:1 | Bought a book of the Hunter for 432 gold pieces
 55779 | Depths:1 | Learned a level 4 spell: Dimensional Bullseye
 55889 | Depths:4 | Found a gate to the Realm of Zot.
 55930 | Depths:4 | Found a shimmering blue altar of Sif Muna.
 56224 | Depths:4 | Reached XP level 24. HP: 183/183 MP: 32/32
 56251 | Depths:4 | Found a stormy altar of Qazlal.
 56770 | Crypt:1  | Entered Level 1 of the Crypt
 57791 | Crypt:2  | Reached skill level 5 in Spellcasting
 58466 | Crypt:3  | Entered Level 3 of the Crypt
 58651 | Crypt:3  | Found a staircase to the Tomb.
 59031 | Crypt:3  | Noticed a royal mummy
 59032 | Crypt:3  | Noticed a royal mummy
 59033 | Crypt:3  | Noticed Khufu
 59219 | Crypt:3  | Killed a royal mummy
 59223 | Crypt:3  | Noticed a royal mummy
 59224 | Crypt:3  | Killed Khufu
 59227 | Crypt:3  | Killed a royal mummy
 59260 | Crypt:3  | Killed a royal mummy
 59557 | Crypt:3  | Reached XP level 25. HP: 192/192 MP: 32/32
 59629 | Crypt:3  | Found a basalt altar of Yredelemnul.
 59636 | Crypt:3  | Found an ancient bone altar of Kikubaaqudgha.
 59650 | Crypt:3  | Identified the ring "Addeymua" {rF+ rN+}
 59650 | Crypt:3  | Identified the ring "Katin" {rN+ Str+2}
 59661 | Crypt:3  | Identified the +5 great sword of the Establishment {venom,
                  | +Blink Will+++ Dex+6}
 60148 | Depths:1 | Bought the ring "Ucuqueph" {rF+ rN+ rCorr} for 712 gold
                  | pieces
 60398 | Zot:3    | Identified the "Pafae"
 60398 | Zot:3    | Identified the "Xuc Sautu"
 60398 | Slime:1  | Entered Level 1 of the Pits of Slime
 60601 | Slime:3  | Gained mutation: Armour fits poorly on your strangely
                  | shaped body. [a shining eye]
 60651 | Slime:5  | Entered Level 5 of the Pits of Slime
 61686 | Slime:5  | Found a viscous altar of Jiyva.
 62985 | Slime:5  | Noticed the Royal Jelly
 63140 | Slime:5  | Killed the Royal Jelly
 63267 | Slime:5  | Identified the +1 plate armour of the Constellations {+Inv
                  | Will++}
 63286 | Slime:5  | Got a slimy rune of Zot
 63297 | Slime:5  | Identified the +2 pair of gloves of Lust {+Inv rC+}
 63313 | Slime:5  | Identified the ring of the Three Thickets {rElec rC- Will+
                  | Str+6 Dex+5}
 64103 | Zot:1    | Entered Level 1 of the Realm of Zot
 64192 | Zot:1    | Noticed Vv
 65167 | D:13     | Bought a scroll of revelation for 97 gold pieces
 65167 | D:13     | Bought a scroll of fog for 52 gold pieces
 65167 | D:13     | Bought a scroll of fog for 52 gold pieces
 65446 | Zot:1    | You fall into a shaft and drop 1 floor!
 65635 | Zot:3    | Found the +3 pair of mountain boots {steadfast, rC+}
 66916 | Zot:5    | Entered Level 5 of the Realm of Zot
 67291 | Zot:5    | Noticed a Killer Klown
 67314 | Zot:5    | Reached XP level 26. HP: 159/203 MP: 14/33
 67443 | Zot:5    | Noticed an ancient lich
 67447 | Zot:5    | Killed an ancient lich
 67583 | Zot:5    | Noticed an orb of fire
 67584 | Zot:5    | Noticed an orb of fire
 67589 | Zot:5    | Noticed an orb of fire
 67594 | Zot:5    | Noticed a dread lich
 67596 | Zot:5    | Noticed an orb of fire
 67606 | Zot:5    | Gained mutation: You sometimes lose your temper in combat.
                  | [an orb of fire]
 67616 | Zot:5    | Gained mutation: Your magical capacity is low. (-10% MP)
                  | [an orb of fire]
 67619 | Zot:5    | Killed an orb of fire
 67631 | Zot:5    | Gained mutation: You are frail. (-10% HP) [an orb of fire]
 67643 | Zot:5    | Killed an orb of fire
 67650 | Zot:5    | Killed an orb of fire
 67657 | Zot:5    | Killed an orb of fire
 67659 | Zot:5    | Killed a dread lich
 67697 | Zot:5    | Noticed a dread lich
 67704 | Zot:5    | Killed a dread lich
 67718 | Zot:5    | Noticed an ancient lich
 67727 | Zot:5    | Killed an ancient lich
 67816 | Zot:5    | Lost mutation: Armour fits poorly on your strangely shaped
                  | body. [potion of mutation]
 67816 | Zot:5    | Lost mutation: Your magical capacity is low. (-10% MP)
                  | [potion of mutation]
 67816 | Zot:5    | Lost mutation: You are frail. (-10% HP) [potion of
                  | mutation]
 67816 | Zot:5    | Gained mutation: Your spells are a little harder to cast,
                  | but a little more powerful. [potion of mutation]
 67816 | Zot:5    | Gained mutation: You are somewhat resistant to further
                  | mutation. [potion of mutation]
 68004 | Zot:5    | Noticed a dread lich
 68008 | Zot:5    | Killed a dread lich
 68148 | Zot:5    | Noticed an ancient lich
 68153 | Zot:5    | Killed an ancient lich
 68156 | Zot:5    | Noticed an ancient lich
 68161 | Zot:5    | Killed an ancient lich
 68716 | Zot:5    | Got the Orb of Zot
 69133 | D:9      | Noticed Zewe the pandemonium lord
 69145 | D:9      | Killed Zewe the pandemonium lord
 69355 | D:$      | Escaped with the Orb!

Illustrated notes

Levels and vault maps discovered:
D:1:      lemuel_arrival_room, layout_basic
D:2:      layout_loops_corners, basic_altar, uniq_jessica
D:3:      layout_basic
D:4:      layout_loops_ring, nzn_wu_jian_council_hall,
          overflow_temple_1_default, kennysheep_mini, serial_glass,
          glass_columns_a, glass_columns_b, kennysheep_generic_room_10
D:5:      layout_basic, kennysheep_slug_shrine,
          nicolae_hepliaklqana_hazy_memory, uniq_edmund
D:6:      layout_cave_pools, uniq_prince_ribbit1
D:7:      layout_cave_pools, mainiacjoe_overflow_alcove_2,
          nicolae_vehumet_radiance, minmay_temple_entry_mini_moons,
          hangedman_abyss_or_decor_stabs, grunt_decor_arrowhead
D:8:      layout_cave_pods, uniq_maurice
D:9:      layout_gridville, dpeg_lair_monsters, minmay_shop_mayhem,
          minmay_ruffians
D:10:     layout_stronghold, minmay_bent
D:11:     minmay_the_grid_3x2 [minmay_the_grid_mess, minmay_the_grid_large_cup,
          minmay_the_grid_tree, minmay_the_grid_doors, minmay_the_grid_empty,
          minmay_the_grid_prize_trominoes], layout_grid_maze,
          gauntlet_entry_generic, lightli_airlock
D:12:     layout_basic, enter_trove_1, uniq_josephine
D:13:     layout_basic, serial_shops, nicolae_shop_tiny_real_fake_doors,
          nicolae_shop_real_fake_doors, nicolae_shop_rolled_up,
          nicolae_shop_statue_plus, nicolae_lakefront_shop,
          minmay_misc_feat_rugged, nicolae_shop_unique_rings
D:14:     layout_layer_cave, david_vaults_1, roderic_lattice_a,
          portal_ice_cave_entry_ice_statue_two, serial_shops, shop_fountains,
          uniq_agnes
D:15:     grunt_enter_depths_hoard, layout_loops_cross, reono_crystal_passage,
          grunt_ministairs_2, uniq_jorgrun
Lair:1:   layout_hall_layers, columned_hall_lemuel, fungi_pond_lemuel,
          lemuel_fruit_fields, grunt_megastairs_2, lemuel_fruit_tree, uniq_grum
Lair:2:   layout_regular_city, minmay_swamp_entry_worms,
          minmay_snake_entry_guardpost_small, uniq_gastronok
Lair:3:   layout_regular_city, lemuel_fruit_fields
Lair:4:   lemuel_slime, layout_layer_cave, minmay_slime_entry_jelly_boxes,
          ebering_ghost_inner_flame
Lair:5:   evil_forest, layout_small_grid
Swamp:1:  layout_basic_swamp, evilmike_swamp_ruin_house_5, swamp_pool3
Swamp:2:  layout_falls_marsh, nicolae_swamp_tree_designs, swamp_pool2,
          uniq_louise
Swamp:3:  layout_falls_marsh, evilmike_swamp_ruin_house_4, swamp_pool2,
          nicolae_swamp_stair_fork, ldierk_geyser
Swamp:4:  swamp_basic_johnstein, layout_basic_swamp, infiniplex_staircase_pool,
          uniq_mlioglotl, uniq_roxanne, uniq_bai_suzhen
Snake:1:  layout_rooms, serial_bayou_shore_a
Snake:2:  layout_gridlike, lemuel_oklob_altar
Snake:3:  layout_rooms
Snake:4:  grunt_snake_rune_serpentine_throne, layout_gridlike, serial_shops,
          shop
Slime:1:  layout_caves
Slime:2:  layout_caves
Slime:3:  layout_caves
Slime:4:  layout_caves, cheibrodos_slime_lost_civilization_5
Slime:5:  slime_pit_nicolae_amoeboid
Orc:1:    layout_diamond_mine, basic_altar, serial_shops, shop,
          kennysheep_orc_chapel
Orc:2:    pf_orc_diabolical, layout_diamond_mine, basic_altar
Elf:1:    nicolae_elf_arrival_aired_out, layout_geoelf_grid,
          hangedman_elf_disciples
Elf:2:    nicolae_elf_blades_splatter_lattice
          [nicolae_blade_entry_area_security], layout_geoelf_octagon,
          minmay_elf_annihilation
Elf:3:    grunt_elf_hall_branching, layout_onion_city, serial_shops,
          nicolae_shop_hallway_stairs, fountainhead,
          hangedman_elf_targeted_burst, nicolae_shop_sticking_my_neck_out
Vaults:1: vaults_room_grid, hangedman_vaults_trim, hangedman_vaults_restitches,
          hangedman_vaults_capsules, nicolae_vaults_octothorpe,
          nicolae_vaults_oval_intersection, v_alt_pattern_6,
          nicolae_vaults_frosty_reception, nicolae_vaults_sesquioval_fish,
          nicolae_vaults_theta, vaults_dpeg_diagonal, layout_vaults_omnibox,
          uniq_nikola
Vaults:2: nicolae_vaults_diamond_1, nicolae_vaults_meiosis, v_rooms_4,
          v_pattern_3, ontoclasm_vaults_ring_small, hangedman_vaults_pinch,
          nicolae_vaults_heist, nicolae_vaults_trapezoid_layered,
          vaults_room_corners, nicolae_vaults_trapezoid_1,
          nicolae_vaults_trapezoid_3, ontoclasm_vaults_loading_screen,
          layout_vaults_big_room, serial_shops, nicolae_shop_advertising_works
          [nicolae_subvault_shop_adworks]
Vaults:3: v_alt_pattern_5, v_misc_5, vaults_mumra_minichess_inversion,
          nicolae_vaults_weapon_check, nicolae_vaults_house_2,
          vaults_mumra_hexcomb, minmay_crypt_entry_simple_round,
          nicolae_vaults_trapezoid_lopsided_3, nicolae_vaults_six-pack,
          nicolae_vaults_house_3, vaults_dpeg_encased_lava,
          layout_vaults_omnigrid, serial_shops, nicolae_shop_waterfront,
          uniq_donald
Vaults:4: nicolae_vaults_storage_closets_3, nicolae_vaults_octagons,
          vaults_room_grunt_arrival_checkpoint,
          nicolae_vaults_trapezoid_lopsided_4, ontoclasm_vaults_gateway,
          hangedman_vaults_stagger, nicolae_vaults_big_ls, v_pattern_4,
          layout_vaults_omnicross, uniq_margery, uniq_xtahua
Crypt:1:  layout_misc_corridors, st_stairs_13, grunt_crypt_arrival_guarded_gate,
          grunt_megastairs_5
Crypt:2:  layout_misc_corridors, grunt_ministairs_12, evilmike_ambush
          [evilmike_ambush_outer_basic, evilmike_ambush_inner_basic]
Crypt:3:  lightli_unholy_cathedral, layout_chaotic_city,
          nicolae_tomb_entry_grand_gallery, tombwall_bobbens, uniq_grunn,
          uniq_khufu
Depths:1: layout_small_grid, infiniplex_enter_wizlab_water,
          pf_dread_powers_of_hell, minmay_misc_feat_ornament,
          chequers_serial_rivers_micro_b, tgw_trog, minmay_shop_grove
Depths:2: minmay_heptahexagon, layout_cave_pools, hell_entry,
          rand_demon_pan_entry_4, lemuel_blue_sif_altar,
          nicolae_tso_carved_into_rock
Depths:3: kennysheep_ogre_elephant_herders, layout_long_grid, enter_ziggurat_b,
          abyss_entry_glasseish, grunt_hell_entry_dis_old,
          minmay_staircase_statues
Depths:4: grunt_profane_halls [grunt_profane_temple_dis,
          grunt_profane_temple_coc, grunt_profane_temple_geh,
          grunt_profane_temple_tar, grunt_zot_portal], hell_entry, abyss_entry
Zot:1:    layout_cathedral_of_symmetry, uniq_parghit, uniq_vv
Zot:2:    layout_misc_corridors, grunt_megastairs_1
Zot:3:    layout_misc_corridors
Zot:4:    kennysheep_blocky_hall, layout_gridville
Zot:5:    layout_onion, bh_zot_lava_cross

Skill      XL: |  1  2  3  4  5  6  7  8  9 10 11 12 13 14 15 16 17 18 19 20 21 22 23 24 25 26 |
---------------+-------------------------------------------------------------------------------+-----
Stealth        | 2 4 5 |  5.0
Fighting       | 1 2 3 4 6 8 10 11 12 13 14 15 16 18 20 21 22 23 | 23.8
Ranged Weapons | 2 3 5 6 7 8 10 12 14 15 16 18 19 20 22 | 22.0
Short Blades   | 1 2 |  2.0
Evocations     | 2 3 4 6 7 9 12 | 12.0
Dodging        | 6 10 12 14 15 17 18 19 20 21 23 | 23.6
Fire Magic     | 2 3 |  3.0
Invocations    | 2 4 5 9 12 14 | 14.0
Armour         | 2 4 5 7 8 10 13 | 13.1
Translocations | 1 5 9 |  9.0
Spellcasting   | 2 6 |  6.0
Throwing       | |  1.5
Hexes          | |  5.8
Ice Magic      | |  1.0

Action                     |  1- 3 |  4- 6 |  7- 9 | 10-12 | 13-15 | 16-18 | 19-21 | 22-24 | 25-27 || total
---------------------------+-------+-------+-------+-------+-------+-------+-------+-------+-------++-------
  Melee: Dagger            |    42 |       |     8 |       |       |       |       |       |       ||    50
         Bite              |     4 |       |       |       |       |       |       |       |       ||     4
         Punch             |       |       |     1 |       |       |       |       |       |       ||     1
   Fire: Sling             |    49 |    78 |   238 |   507 |       |       |       |       |       ||   872
         Arbalest          |       |       |       |    54 |   968 |  1083 |   907 |  1483 |   951 ||  5446
  Throw: Dart              |    40 |       |       |     2 |     2 |       |       |       |       ||    44
         Throwing net      |       |       |       |       |       |       |       |       |     2 ||     2
   Cast: Slow              |    27 |    13 |    17 |     4 |       |       |       |       |       ||    61
         Inner Flame       |       |       |       |    32 |     9 |       |       |       |       ||    41
         Blink             |       |       |       |       |       |       |     2 |     7 |     4 ||    13
         Dimensional Bulls |       |       |       |       |       |       |       |     7 |     1 ||     8
         Jinxbite          |       |       |       |       |       |       |       |     1 |       ||     1
 Invoke: Recall Ancestor   |       |     2 |     9 |    11 |    10 |     3 |     2 |    10 |     7 ||    54
         Ancestor Life: Kn |       |       |     1 |       |       |       |       |       |       ||     1
         Idealise          |       |       |       |     1 |     6 |     5 |     6 |    10 |     6 ||    34
         Transference      |       |       |       |       |     7 |       |       |     2 |     1 ||    10
  Evoke: Wand              |       |       |     1 |     9 |     8 |    23 |    15 |    13 |    11 ||    80
         Sack of spiders   |       |       |       |       |     2 |     3 |     3 |     2 |       ||    10
    Use: Scroll            |     5 |     4 |     5 |     6 |    24 |     7 |     5 |    16 |    20 ||    92
         Potion            |       |       |     3 |     1 |     5 |     3 |     2 |    10 |    15 ||    39
 Armour: Robe              |    27 |     7 |    36 |    12 |       |       |       |       |       ||    82
         Acid dragon scale |       |       |       |    29 |    97 |    21 |   135 |   174 |       ||   456
         Skin              |       |       |       |       |    11 |       |       |       |       ||    11
         Ring mail         |       |       |       |       |       |    73 |       |       |       ||    73
         Swamp dragon scal |       |       |       |       |       |    95 |    30 |    57 |   181 ||   363
  Dodge: Dodged            |    24 |    13 |    22 |    44 |   238 |   296 |   308 |   803 |   459 ||  2207
  Block: Other             |       |       |     4 |    18 |    26 |       |       |       |       ||    48
         Reflection        |       |       |     1 |     1 |     3 |       |       |       |       ||     5

Table legend: (Time is in decaauts)
 A = Elapsed time spent in this place.
 B = Non-inter-level travel time spent in this place.
 C = Inter-level travel time spent in this place.
 D = Time resting spent in this place.
 E = Time spent auto-exploring this place.
 F = Levels seen in this place.
 G = Mean time per level.
                   A        B        C        D        E       F      G
               +--------+--------+--------+--------+--------+-----+--------+
         Total |  73731 |  63872 |   9859 |  10921 |  37147 |  57 | 1293.5 |
       Dungeon |  27577 |  23270 |   4307 |   4894 |  12771 |  15 | 1838.5 |
          Lair |   6997 |   6328 |    669 |    590 |   4418 |   5 | 1399.4 |
         Swamp |   3585 |   3283 |    302 |    498 |   2088 |   4 |  896.2 |
     Snake Pit |   4618 |   3940 |    678 |    428 |   2704 |   4 | 1154.5 |
    Slime Pits |   3507 |   3377 |    130 |   1985 |    519 |   5 |  701.4 |
  Orcish Mines |   2384 |   1629 |    755 |      3 |   1170 |   2 | 1192.0 |
   Elven Halls |   5706 |   5071 |    635 |    789 |   3270 |   3 | 1902.0 |
        Vaults |   5533 |   4932 |    601 |      0 |   3834 |   4 | 1383.2 |
         Crypt |   3446 |   3297 |    149 |    253 |   2083 |   3 | 1148.7 |
        Depths |   6637 |   5411 |   1226 |    716 |   2951 |   4 | 1659.2 |
           Zot |   2904 |   2503 |    401 |    657 |    865 |   5 |  580.8 |
      Ice Cave |    156 |    156 |      0 |    105 |     12 |   1 |  156.0 |
        Wizlab |    435 |    435 |      0 |      0 |    316 |   1 |  435.0 |
      Gauntlet |    240 |    240 |      0 |      0 |    141 |   1 |  240.0 |
               +--------+--------+--------+--------+--------+-----+--------+

Top non-repeatable levels by time:
     D:1: 3421 daAuts
 Slime:5: 3194 daAuts
    D:14: 2623 daAuts
    D:10: 2429 daAuts
     D:2: 2321 daAuts
    D:11: 2310 daAuts
 Snake:4: 2177 daAuts
Depths:4: 2000 daAuts
   Elf:3: 1975 daAuts
   Zot:5: 1967 daAuts
   Elf:1: 1956 daAuts
     D:9: 1947 daAuts
Depths:1: 1859 daAuts
  Lair:5: 1854 daAuts
Vaults:3: 1787 daAuts
